AoeStats
← KingHennesVIII

Black Forest

504338445Analyzed
1v1 RM · 28d ago on Sep 4, 2026· 46m 2s· 2 players
Game mode
Random Map
Map size
Tiny (2 player)
Population
200
Speed
Normal
Resources
Standard
Victory
Conquest
Starting age
Dark Age
Ending age
Imperial Age
RankedLock teamsTeams togetherTeam positionsShared explorationLock speedFull tech treeHidden civsTurbo modeCheats
Victory
Defeat
🇨🇱 Mongols · Chile
951
+16
🇩🇪 Ethiopians · Germany
949
-46
KingHennesVIII
1:03 Loom
14:50 Feudal Age
15:20 Horse Collar
15:29 Double-Bit Axe
20:20 Gold Mining
22:51 Stone Mining
28:44 Castle Age
29:01 Castle Age
30:46 Heavy Plow
34:58 Wheelbarrow
37:19 Bow Saw
42:34 Imperial Age
40:25 Hand Cart
39:55 Town Watch
40:52 Stone Shaft Mining
40:55 Gold Shaft Mining
41:48 Guard Tower
41:54 Murder Holes
42:09 Fortified Wall
42:20 Ballistics
42:57 Halberdier
guachalin
0:36 Loom
13:28 Feudal Age
17:09 Double-Bit Axe
22:29 Castle Age
22:35 Castle Age
20:27 Fletching
20:37 Padded Archer Armor
22:23 Stone Mining
25:30 Horse Collar
28:52 Heavy Plow
31:26 Bow Saw
34:30 Wheelbarrow
34:16 Bodkin Arrow
34:35 Town Watch
35:06 Leather Archer Armor
35:17 Forging
37:39 Iron Casting
37:09 Scale Barding Armor
37:29 Ballistics
37:19 Masonry
40:50 Imperial Age
40:08 Hand Cart
39:45 Elite Skirmisher
41:53 Drill
40:55 Capped Ram
41:54 Gold Mining
42:07 Bracer
42:40 Chain Barding Armor
42:52 Siege Ram
45:28 Chemistry
Connection lost

Rejoining the realm…

Still unreachable

The connection could not be restored.

Session expired

The server has moved on; the page needs a fresh start.